 Dungeon Crawl Stone Soup version 0.14-a0-3359-gb378101 (webtiles) character file.

211 ProjectEKO the Ruinous (level 5, -2/28 HPs)
             Began as a Kobold Conjurer on Mar 18, 2014.
             Was an Initiate of Vehumet.
             Killed from afar by an orc wizard (8 damage)
             ... with a magic dart
             ... on Level 3 of the Dungeon.
             The game lasted 00:10:42 (3883 turns).

ProjectEKO the Ruinous (Kobold Conjurer)            Turns: 3883, Time: 00:10:42

HP  -2/28        AC  2     Str  7      XL: 5   Next: 56%
MP   3/9         EV 15     Int 14      God: Vehumet [......]
Gold 62          SH  0     Dex 16      Spells:  3 memorised,  0 levels left

rFire  . . .     SeeInvis .     k - +1 short sword
rCold  . . .     Clarity  .     a - +0 robe
rNeg   . . .     Conserve .     (no shield)
rPois  .         rCorr    .     (no helmet)
rElec  .         rRot     .     (no cloak)
SustAb . .       Spirit   .     (no gloves)
rMut   .         Warding  .     (no boots)
Saprov + + .     Stasis   .     (no amulet)
MR     .....                    (no ring)
                                (no ring)

@: not resistant to hostile enchantments, stealthy
A: disease resistance, carnivore 3, saprovore 2
a: Renounce Religion


You were on level 3 of the Dungeon.
You worshipped Vehumet.
Vehumet was noncommittal.
You were completely stuffed.

You visited 1 branch of the dungeon, and saw 3 of its levels.

You collected 62 gold pieces.

Inventory:

Hand weapons
 k - a +1,+1 short sword (weapon)
Missiles
 o - 3 silver tomahawks (quivered)
Armour
 a - a +0 robe (worn)
Comestibles
 b - a meat ration
 d - a chunk of quokka flesh
Scrolls
 f - 3 scrolls of teleportation
 i - 2 scrolls of enchant weapon I
 n - a scroll of recharging
Potions
 e - 3 potions of curing
Books
 c - a book of Conjurations

   Spells                             Type                      Level
   *Magic Dart                        Conjuration                  1
   *Searing Ray                       Conjuration                  2
   Dazzling Spray                     Conjuration/Hexes            3
   Fulminant Prism                    Conjuration/Hexes            4
   Iskenderun's Mystic Blast          Conjuration                  4
   *Iskenderun's Battlesphere         Conjuration/Charms           5


   Skills:
 - Level 2.4 Dodging
 - Level 2.6 Stealth
 - Level 2.0 Spellcasting
 - Level 5.5 Conjurations
 + Level 1.2 Charms


You couldn't memorise any spells.
You knew the following spells:

 Your Spells              Type           Power        Failure   Level  Hunger
a - Magic Dart            Conj           ###.         2%          1    ##.....
b - Searing Ray           Conj           ###...       3%          2    ###....
c - Iskenderun's Battles  Conj/Chrm      ##......     99%         5    ######.


Dungeon Overview and Level Annotations

Branches:
Dungeon (3/15)

Altars:
Makhleb
Nemelex Xobeh
Vehumet


Innate Abilities, Weirdness & Mutations

You recuperate from illness quickly.
You are small and have problems with some larger weapons.
You are carnivorous and can eat meat at any time.
You can eat rotten meat.


Message History

Aiming: Searing Ray
Press: ? - help, Shift-Dir - straight line, f - orc
Aim: an orc, wielding a mace and wearing a leather armour The searing ray hits the orc.
The orc is severely wounded.
The orc closely misses you.
The searing ray hits the orc.
The orc is almost dead.
The orc hits you with a mace.
* * * LOW HITPOINT WARNING * * *
The searing ray hits the orc.
You kill the orc!
Vehumet accepts your kill.
The searing ray hits the orc.
You kill the orc!
Vehumet accepts your kill.
The orc wizard shouts!
The orc wizard points at you and mumbles some strange words.
The magic dart hits you!
You die...

##### #######
##..)## #.....#
##<###.####
#.....####.#####.##.
#.............##.##.
#.....####.##.##.##.
#.....# ##.#.......
###@### ##...####.
#.# ########. #)#
#... #.# #.#. #.#
#... #.# ##)# #o#
#.# #.# # #. #.#
###.#### .#. #..


You could see an orc wizard.

Vanquished Creatures
  Ijyb (D:2)
  2 adders
  3 worms
  3 giant geckos (D:1)
  An ooze (D:2)
  8 orcs (D:3)
  3 ball pythons
  6 giant cockroaches
  7 goblins
  8 hobgoblins
  5 jackals (D:1)
  3 quokkas
  4 bats
  8 giant newts
  9 kobolds
  9 rats
80 creatures vanquished.

Vanquished Creatures (others)
  A rat (D:2)
1 creature vanquished.

Grand Total: 81 creatures vanquished

Notes
Turn   | Place    | Note
--------------------------------------------------------------
     0 | D:1      | ProjectEKO, the Kobold Conjurer, began the quest for the Orb.
     0 | D:1      | Reached XP level 1. HP: 10/10 MP: 3/3
   246 | D:1      | Reached XP level 2. HP: 15/15 MP: 0/4
   331 | D:1      | Reached skill level 4 in Conjurations
   816 | D:1      | Reached XP level 3. HP: 19/19 MP: 1/6
  1333 | D:2      | Found a sparkling altar of Nemelex Xobeh.
  1476 | D:2      | Reached XP level 4. HP: 13/24 MP: 0/7
  1734 | D:1      | Learned a level 2 spell: Searing Ray
  1831 | D:2      | Reached skill level 5 in Conjurations
  1994 | D:2      | Noticed Ijyb
  2027 | D:2      | Killed Ijyb
  2467 | D:2      | Reached XP level 5. HP: 28/28 MP: 1/9
  2689 | D:2      | Found a radiant altar of Vehumet.
  2938 | D:2      | Became a worshipper of Vehumet
  3246 | D:3      | Learned a level 5 spell: Iskenderun's Battlesphere
  3400 | D:3      | Found a burning altar of Makhleb.
  3693 | D:3      | Reached skill level 1 in Charms
  3883 | D:3      | Killed from afar by an orc wizard

Action                   |  1- 3 |  4- 6 || total
-------------------------+-------+-------++-------
Melee: Dagger            |    14 |       ||    14
       Unarmed           |     1 |       ||     1
       Short sword       |    11 |    11 ||    22
 Cast: Magic Dart        |    83 |   103 ||   186
       Searing Ray       |       |    14 ||    14
Evoke: Deck              |       |    11 ||    11
  Use: Scroll            |       |     8 ||     8
